 Dungeon Crawl Stone Soup version 0.22-a0-580-gd5db89c09a (webtiles) character file.

562 Kholdaimon the Ducker (level 7, -1/52 HPs)
             Began as a Merfolk Gladiator on July 3, 2018.
             Slain by a water moccasin zombie (5 damage)
             ... in an ossuary.
             The game lasted 00:14:02 (3374 turns).

Kholdaimon the Ducker (Merfolk Gladiator)           Turns: 3374, Time: 00:14:02

Health: -1/52      AC:  6    Str: 15    XL:     7   Next: 32%
Magic:  7/7        EV: 22    Int: 13    God:
Gold:   106        SH:  0    Dex: 20    Spells: 6/6 levels left

rFire    . . .     SeeInvis .   a - +1 long sword
rCold    . . .     Gourm    .   (no shield)
rNeg     . . .     Faith    .   b - +0 leather armour
rPois    .         Spirit   .   c - +1 helmet
rElec    .         Reflect  .   (no cloak)
rCorr    .         Harm     .   (no gloves)
MR       .....                  p - +0 pair of boots
Stlth    +++.......             (no amulet)
HPRegen  0.17/turn              (no ring)
MPRegen  0.10/turn              r - +4 ring of intelligence

@: agile, starving
A: change form in water, swift swim, stealthy swim
a: no special abilities


You were in an ossuary.
You were starving.

You visited 1 branch of the dungeon, and saw 4 of its levels.
You also visited: Ossuary.

You collected 106 gold pieces.

Inventory:

Hand Weapons
 a - a +1 long sword (weapon)
Missiles
 d - 3 throwing nets
 h - 69 stones (quivered)
 y - 12 poisoned needles
Armour
 b - a +0 leather armour (worn)
 c - a +1 helmet (worn)
 m - a +0 chain mail
 p - a +0 pair of boots (worn)
 t - a +0 chain mail
 u - a +0 scale mail
 w - a +0 ring mail
 z - a +0 ring mail
Jewellery
 r - a +4 ring of intelligence (right hand)
Scrolls
 e - a scroll of remove curse
Potions
 k - a potion of agility
 o - 2 potions of magic
 s - a potion of lignification {unknown}
 B - a potion of curing {unknown}
 C - a potion of cancellation {unknown}
Comestibles
 f - 9 rations


   Skills:
 - Level 3.0 Fighting
 + Level 6.2 Long Blades
 - Level 3.1 Throwing
 + Level 7.5 Dodging


You had 6 spell levels left.
You didn't know any spells.
Your spell library was empty.

Dungeon Overview and Level Annotations

Branches:
Dungeon (4/15)
 Temple: D:4-7

Altars:
Ashenzari
Cheibriados


Message History

The water moccasin zombie is almost destroyed.
The water moccasin zombie closely misses you.
You completely miss the water moccasin zombie.
The water moccasin zombie is almost destroyed.
The water moccasin zombie completely misses you.
The water moccasin zombie bites you.
* * * LOW HITPOINT WARNING * * *
You closely miss the water moccasin zombie.
The water moccasin zombie is almost destroyed.
The water moccasin zombie barely misses you.
You barely miss the water moccasin zombie.
The water moccasin zombie is almost destroyed.
The water moccasin zombie bites you.
* * * LOW HITPOINT WARNING * * *
You barely miss the water moccasin zombie.
The water moccasin zombie is almost destroyed.
The water moccasin zombie bites you but does no damage.
You feel agile all of a sudden. The water moccasin zombie bites you.
You die...

#...# #...#
###'# #^^.#
#^.^# #^^^#
#.^.#
###########'##
#....'^^ZZ@..#
+....#^^Z#...#
#....#^..#...#
##############


You could see a water moccasin zombie and 2 kobold zombies.

Vanquished Creatures
  An ogre (D:4)
  The ghost of aragog127 the Skirmisher, an amateur GrFi (D:3)
  3 water moccasin zombies (Ossuary)
  An orc priest (D:4)
  A hound (D:3)
  2 big kobold zombies (Ossuary)
  5 adders
  An adder zombie (Ossuary)
  4 worms
  3 dart slugs
  4 leopard geckos
  6 orcs
  9 bats
  2 giant cockroaches (D:2)
  A gnoll zombie (Ossuary)
  6 hobgoblins
  4 jackals
  2 ball pythons
  4 frilled lizards
  7 goblins
  5 kobolds
  5 kobold zombies (Ossuary)
  2 orc zombies (Ossuary)
  4 rats
83 creatures vanquished.

Notes
Turn   | Place    | Note
-------+----------+-------------------------------------------
     0 | D:1      | Kholdaimon the Merfolk Gladiator began the quest for the Orb.
     0 | D:1      | Reached XP level 1. HP: 16/16 MP: 1/1
   184 | D:1      | Reached XP level 2. HP: 23/23 MP: 2/2
   855 | D:2      | Reached XP level 3. HP: 27/28 MP: 3/3
  1069 | D:2      | Found a shattered altar of Ashenzari.
  1262 | D:2      | Found a snail-covered altar of Cheibriados.
  1525 | D:3      | Reached XP level 4. HP: 25/35 MP: 4/4
  2080 | D:3      | Reached skill level 5 in Dodging
  2080 | D:3      | Reached XP level 5. HP: 20/41 MP: 5/5
  2299 | D:3      | Found a runed door.
  2316 | D:3      | Noticed aragog127's ghost (amateur GrFi)
  2587 | D:3      | Killed aragog127's ghost
  2587 | D:3      | Reached skill level 5 in Long Blades
  2587 | D:3      | Reached skill level 6 in Dodging
  2587 | D:3      | Reached XP level 6. HP: 26/47 MP: 6/6
  3113 | D:4      | Found a sand-covered staircase.
  3127 | Ossuary  | Entered an ossuary
  3159 | Ossuary  | Reached skill level 7 in Dodging
  3169 | Ossuary  | Reached XP level 7. HP: 30/52 MP: 7/7
  3374 | Ossuary  | Slain by a water moccasin zombie

Vault maps used:
D:1:      tarquinn_simple_flora_water_b
D:2:      ashenzari_conservatory_becter, kennysheep_slug_shrine
D:3:      ebering_ghost_sewer_d, grunt_ministairs_10
D:4:      nicolae_ru_great_annihilating_truth, enter_ossuary_1, first_ration,
          serial_shops, nicolae_shop_overgrown_old_shop
Ossuary:  ossuary_tomb_2

Skill      XL: |  1  2  3  4  5  6 |
---------------+-------------------+-----
Fighting       | 3 |  3.0
Long Blades    | 4 5 6 |  6.2
Throwing       | 3 |  3.1
Dodging        | 5 6 7 |  7.5

Action                   |  1- 3 |  4- 6 |  7- 9 || total
-------------------------+-------+-------+-------++-------
Melee: Long sword        |    95 |   121 |    61 ||   277
       Tailslap          |     1 |       |       ||     1
Throw: Stone             |     4 |    11 |       ||    15
       Throwing net      |     1 |       |       ||     1
  Use: Scroll            |       |     9 |       ||     9
       Potion            |       |     1 |     1 ||     2
 Stab: Sleeping          |     2 |     1 |       ||     3
  Eat: Chunk             |     2 |     4 |       ||     6
Armor: Leather armour    |    20 |    24 |    14 ||    58
Dodge: Dodged            |    74 |    90 |    36 ||   200
       Rpst.: Long sword |    36 |    29 |    11 ||    76

Table legend:
 A = Spawn XP
 B = Non-spawn XP
 C = Spawn XP percentage of total XP
 D = Spawn monster count
 E = Non-spawn monster count
 F = Spawn count percentage of total count
 G = Total turns spent on level
                    A         B        C        D         E        F      G
               +---------+---------+-------+---------+---------+-------+---------
         Total |       0 |     804 |   0.0 |       0 |      83 |   0.0 |  3374
               +---------+---------+-------+---------+---------+-------+---------
           D:1 |       0 |      26 |   0.0 |       0 |      15 |   0.0 |   849
           D:2 |       0 |      50 |   0.0 |       0 |      19 |   0.0 |   548
           D:3 |       0 |     258 |   0.0 |       0 |      29 |   0.0 |  1599
           D:4 |       0 |     169 |   0.0 |       0 |       6 |   0.0 |   131
       Ossuary |       0 |     301 |   0.0 |       0 |      14 |   0.0 |   247
               +---------+---------+-------+---------+---------+-------+---------
